 Dungeon Crawl Stone Soup version 0.20-a0-396-g1af7820 (webtiles) character file.

34 Krakonus1 the Insei (level 3, -1/30 HPs)
             Began as a Frog Chaos Knight on Jan 30, 2017.
             Slain by a phantom (5 damage)
             ... on level 3 of the Dungeon.
             The game lasted 00:03:10 (1495 turns).

Krakonus1 the Insei (Frog Chaos Knight)             Turns: 1495, Time: 00:03:12

Health: -1/30      AC:  7    Str: 12    XL:     3   Next: 31%
Magic:  3/3        EV: 16    Int:  9    God:    Xom [......]
Gold:   152        SH:  0    Dex: 15    Spells: 2/2 levels left

rFire  . . .     SeeInvis .       - Unarmed
rCold  . . .     Gourm    .     a - +2 leather armour
rNeg   . . .     Faith    .     (no shield)
rPois  .         Spirit   .     (no helmet)
rElec  .         Reflect  .     (no cloak)
rCorr  .         Harm     .     (no gloves)
MR     .....                    (no boots)
Stlth  ++........               (no amulet)
                                (no ring)
                                (no ring)

@: agile, very slightly contaminated, invisible, slow
A: swims, thin metallic scales 1, dopey 1, slowness 1, strong 1, strong legs 1
a: Hop, Renounce Religion


You were on level 3 of the Dungeon.
You worshipped Xom.
You were a very special plaything of Xom.
You were not hungry.

You visited 1 branch of the dungeon, and saw 3 of its levels.

You collected 152 gold pieces.

Inventory:

Armour
 a - a +2 leather armour (worn)
Wands
 i - a wand of random effects (11/48)
Scrolls
 c - a scroll of teleportation
 f - 2 scrolls of identify
 h - a scroll of amnesia
Potions
 d - a potion of might
Comestibles
 g - 2 meat rations


   Skills:
 + Level 3.7 Fighting
 + Level 2.2 Armour
 + Level 1.2 Dodging
 + Level 3.8 Unarmed Combat


You had 2 spell levels left.
You didn't know any spells.

Dungeon Overview and Level Annotations

Branches:
Dungeon (3/15)

Altars:
Fedhas


Innate Abilities, Weirdness & Mutations

You can swim through water.
You cover ground slowly.
You can hop short distances.
You are partially covered in thin metallic scales. (AC +2)
You are dopey. (Int -2)
Your muscles are strong. (Str +2)


Message History

Zapping:
i - a wand of random effects (?/48) {zapped: 2} (will waste charges)
Press: ? - help, Shift-Dir - straight line, f/p - phantom
Aim: a phantom The phantom flickers and vanishes!
Deactivating autopickup; reactivate with Ctrl-A.
Evoking this partially-identified wand wasted a few charges.
The rat misses you. Something hits you.
* * * LOW HITPOINT WARNING * * *
Evoke which item? (* to show all) (? for menu, Esc to quit)
Zapping:
i - a wand of random effects (?/48) {zapped: 4} (will waste charges)
Press: ? - help, Shift-Dir - straight line, f - rat
Aim: a rat The mass of ice explodes!
The iceblast engulfs the rat.
You kill the rat!
The iceblast engulfs you!
* * * LOW HITPOINT WARNING * * *
Evoking this partially-identified wand wasted a few charges.
You hear a shout!
Something hits you.
You die...

.### #...
####... ..#..
####.#.#
#...[#.#
#...§..#
.#####@.#
#..$..†..####
..........<.#
#######.##.)#
.......#
###.###.# ...
.# ##. .# .#


There were no monsters in sight!

Vanquished Creatures
  A worm (D:2)
  2 dart slugs (D:1)
  A leopard gecko (D:2)
  4 goblins
  2 hobgoblins (D:2)
  3 kobolds
  A quokka (D:2)
  2 ball pythons
  5 bats
  A frilled lizard (D:2)
  5 rats
27 creatures vanquished.

Notes
Turn   | Place    | Note
-------+----------+-------------------------------------------
     0 | D:1      | Krakonus1 the Frog Chaos Knight began the quest for the Orb.
     0 | D:1      | Reached XP level 1. HP: 18/18 MP: 1/1
   137 | D:1      | Reached XP level 2. HP: 24/24 MP: 2/2
   588 | D:1      | Gained mutation: You are partially covered in thin metallic scales. (AC +2) [potion of mutation]
   588 | D:1      | Gained mutation: You are dopey. (Int -2) [potion of mutation]
   588 | D:1      | Gained mutation: Your muscles are strong. (Str +2) [potion of mutation]
   767 | D:2      | Reached XP level 3. HP: 30/30 MP: 3/3
   883 | D:2      | XOM: divination: magic mapping
  1054 | D:2      | Found a blossoming altar of Fedhas.
  1478 | D:3      | Noticed a phantom
  1490 | D:3      | XOM: potion effect (invisibility)
  1495 | D:3      | Slain by a phantom

Vault maps used:
D:1:      minmay_arrival_four_houses, minmay_fountain_box
D:2:      fedhas_altar_2
D:3:      old_standard_altar, first_bread, uniq_grinder, uniq_terence

Action                   || total
-------------------------++-------
Melee: Unarmed           ||    91
       Punch             ||     1
 Abil: Hop               ||     1
Evoke: Wand              ||     3
  Use: Potion            ||     4
       Scroll            ||     2
  Eat: Bread ration      ||     1
Armor: Leather armour    ||    35
Dodge: Dodged            ||    65
